 Dungeon Crawl Stone Soup version 0.30-b1-2-g02819fbbbe (webtiles) character file.

Game seed: 9475443716681503906

1043 sanka the Magician (level 8, -1/56 HPs)
             Began as a Djinni Fighter on May 15, 2023.
             Was an Initiate of Makhleb.
             Slain by an ice beast (16 damage)
             ... on level 6 of the Dungeon.
             The game lasted 00:09:08 (6534 turns).

sanka the Magician (Djinni Fighter)                 Turns: 6534, Time: 00:09:09

Health: -1/56      AC:  6    Str: 15    XL:     8   Next: 49%
Gold:   331        EV: 10    Int: 11    God:    Makhleb [......] SH:  5 Dex: 14

rFire   + + .        b - staff of air
rCold   x . .        c - +0 buckler
rNeg    . . .        I - +4 leather armour "Warriez" {*Slow rElec MP+9}
rPois   ∞            (no helmet)
rElec   +            (no cloak)
rCorr   .            l - +2 pair of gloves
SInv    .            (boots unavailable)
Will    +....        (no amulet)
Stlth   +            G - ring of willpower
HPRegen 0.29/turn    (no ring)
MPRegen 0.00/turn

%: slow self (1%), infuse magic (-2 HP)
@: corroded, flying, very slightly contaminated
A: sickness immunity, fire resistance 2, cold vulnerability 1, float, innate
caster, HP casting, extra vitality 1
a: Renounce Religion


You were on level 6 of the Dungeon.
You worshipped Makhleb.
Makhleb was noncommittal.
You visited 1 branch of the dungeon, and saw 6 of its levels.

You collected 331 gold pieces.

Inventory:

Hand Weapons
 a - a +0 morningstar
Armour
 c - a +0 buckler (worn)
 l - a +2 pair of gloves (worn)
 I - the +4 leather armour "Warriez" (worn) {*Slow rElec MP+9}
   (You found it on level 5 of the Dungeon)

   rElec:     It insulates you from electricity.
   MP:        It affects your magic capacity (+9).
   *Slow:     It may slow you when you take damage.
Magical Staves
 b - a staff of air (weapon)
 d - a staff of earth
 J - a staff of death
Jewellery
 G - a ring of willpower (left hand)
Wands
 p - a wand of flame (27)
 D - a wand of digging (5)
Scrolls
 e - 3 scrolls of teleportation {unknown}
 f - 2 scrolls of blinking {unknown}
 h - 2 scrolls of immolation {unknown}
 i - a scroll of fog {unknown}
 j - 3 scrolls of torment {unknown}
 k - a scroll of summoning {unknown}
 n - a scroll of poison {unknown}
 t - a scroll of enchant weapon {unknown}
 v - a scroll of noise {unknown}
 w - a scroll of silence {unknown}
 y - 4 scrolls of identify {unknown}
 C - a scroll of vulnerability {unknown}
 F - 2 scrolls of enchant armour {unknown}
Potions
 g - a potion of curing {@q1}
 m - 3 potions of mutation {unknown}
 o - 2 potions of attraction {unknown}
 q - a potion of invisibility {unknown}
 r - a potion of flight {unknown}
 s - a potion of lignification {unknown}
 u - 3 potions of brilliance
 x - 2 potions of berserk rage {!q}
 z - a potion of heal wounds {unknown}
 A - 2 potions of magic {unknown}
 B - a potion of resistance {unknown}
 E - 2 potions of cancellation {unknown}
 H - a potion of might


   Skills:
 - Level 3.0 Fighting
 - Level 1.5 Maces & Flails
 - Level 3.0 Armour
 - Level 3.0 Shields
 + Level 7.1 Spellcasting


You knew the following spells:

 Your Spells              Type           Power      Damage    Failure   Level
a - Magic Dart            Conj           76%        1d6       1%          1
b - Static Discharge      Conj/Air       58%        2-5/arc   2%          2
c - Vhi's Electric Charg  Tloc/Air       58%        N/A       4%          3
Your spell library was empty.

Dungeon Overview and Level Annotations

Branches:
Dungeon (6/15)             Temple (0/1) D:6

Altars:
Hepliaklqana
Makhleb


Innate Abilities, Weirdness & Mutations

You are immune to sickness and miasma.
You are immune to poison.
Your flesh is very heat resistant. (rF++)
You are vulnerable to cold. (rC-)
You float through the air rather than walking.
You learn spells naturally, not from books.
Your magical power is your life essence.
You have superior vitality. (+4 MHP)


Message History

You are very lightly contaminated with residual magic.
Nothing appears to happen.
The water moccasin bites you but does no damage.
The water moccasin bites you.
Unknown command.
You feel a surge of power!
The water moccasin is struck by an arc of lightning.
The water moccasin is severely wounded.
You resist.
You are struck by an arc of lightning.
The ice beast is struck by an arc of lightning.
The ice beast is lightly wounded.
The lightning grounds out.
The ice beast is struck by an arc of lightning.
The ice beast is moderately wounded.
You resist.
You are struck by an arc of lightning.
The lightning grounds out.
You block the water moccasin's attack. The ice beast hits you.
The ice beast freezes you!
You feel a terrible chill!
You are too injured to fight recklessly!
Unknown command.
You are too injured to fight recklessly!
Unknown command.
You are too injured to fight recklessly!
Casting: Static Discharge (safe; 2% risk of failure)
Confirm with . or Enter, or press ? or * to list all spells.
You feel a surge of power!
The water moccasin is struck by an arc of lightning.
The water moccasin is almost dead.
You resist.
You are struck by an arc of lightning.
The ice beast is struck by an arc of lightning.
The ice beast is heavily wounded.
You resist.
You are struck by an arc of lightning.
The ice beast is struck by an arc of lightning.
The ice beast is severely wounded.
The lightning grounds out.
* * * LOW HITPOINT WARNING * * *
The water moccasin bites you but does no damage.
The ice beast hits you.
* * * LOW HITPOINT WARNING * * *
The ice beast freezes you!
You feel a terrible chill!
You die...

.. .# .##.##. .....?[
....... ....... #
#.......
###.######Y†.....
#........@.......
#.#..#.###S......###+###
#..#.###.#######.....#
#.....##.# ####.....#
##.#..##.# #..#.....#
#..†....# #..'..>..#
#.......##.####.##.....#
#######.#.#.....##.....#
#..###.#####.....###


You could see a water moccasin and an ice beast.

Vanquished Creatures
  Sigmund (D:3)
  A black bear (D:6)
  A sky beast (D:4)
  A phantom (D:6)
  A scorpion (D:5)
  A jelly (D:6)
  2 orc priests
  A hound (D:6)
  Jessica (D:2)
  2 iguanas
  A sleepcap (D:4)
  An orc wizard (D:3)
  10 gnolls
  11 adders
  A shadow imp (D:6)
  A worm (D:2)
  7 dart slugs
  5 orcs
  3 ball pythons
  13 endoplasms
  7 giant cockroaches
  7 goblins
  8 hobgoblins
  3 jackals (D:3)
  6 quokkas
  4 bats
  6 frilled lizards
  4 kobolds
  3 rats
  A spectral goblin (D:4)
114 creatures vanquished.

Notes
Turn   | Place    | Note
-------+----------+-------------------------------------------
     0 | D:1      | sanka the Djinni Fighter began the quest for the Orb.
     0 | D:1      | Reached XP level 1. HP: 20/20 MP: 0/0
   215 | D:1      | Reached skill level 1 in Spellcasting
   215 | D:1      | Reached XP level 2. HP: 25/25 MP: 0/0
   379 | D:1      | Reached XP level 3. HP: 28/30 MP: 0/0
   379 | D:1      | Learned a level 1 spell: Magic Dart
   782 | D:1      | Reached skill level 2 in Spellcasting
  1013 | D:2      | Reached XP level 4. HP: 32/35 MP: 0/0
  1379 | D:2      | Reached skill level 3 in Spellcasting
  1429 | D:2      | Reached XP level 5. HP: 28/40 MP: 0/0
  1429 | D:2      | Learned a level 2 spell: Static Discharge
  1673 | D:2      | Noticed Jessica
  1689 | D:2      | Killed Jessica
  2090 | D:3      | Noticed Sigmund
  2102 | D:3      | Killed Sigmund
  2103 | D:3      | Reached skill level 4 in Spellcasting
  2103 | D:3      | Reached XP level 6. HP: 21/46 MP: 0/0
  2406 | D:3      | Reached skill level 5 in Spellcasting
  2406 | D:3      | Reached XP level 7. HP: 32/50 MP: 0/0
  2406 | D:3      | Learned a level 3 spell: Vhi's Electric Charge
  2690 | D:3      | Found a faded altar of an unknown god.
  4085 | D:4      | Found a hazy altar of Hepliaklqana.
  4397 | D:5      | Entered Level 5 of the Dungeon
  4960 | D:5      | Reached skill level 6 in Spellcasting
  5074 | D:5      | Identified the +4 leather armour "Warriez" {*Slow rElec
                  | MP+9}
  5854 | D:5      | Reached XP level 8. HP: 41/56 MP: 0/0
  6136 | D:6      | Found the +0 toga "Victory" {*Victory Clar}
  6278 | D:6      | Found a burning altar of Makhleb.
  6293 | D:6      | Became a worshipper of Makhleb the Destroyer
  6453 | D:6      | Found a staircase to the Ecumenical Temple.
  6530 | D:6      | Reached skill level 7 in Spellcasting
  6534 | D:6      | Slain by an ice beast

Illustrated notes

Levels and vault maps discovered:
D:1:      reono_arrival_mine, layout_basic, minmay_heptomino_o4
D:2:      minmay_chambers_of_twos, layout_loops_cross, grunt_ministairs_1,
          uniq_jessica
D:3:      minmay_door_path, layout_loops_ring, mainiacjoe_overflow_alcove_2,
          hellmonk_ecumenical_altar_dog_temple, uniq_sigmund
D:4:      layout_loops_ring, nicolae_hepliaklqana_monster_ancestors,
          minmay_quadrilaterals
D:5:      layout_layer_cave, kennysheep_flooded_box
D:6:      layout_loops_cross, mainiacjoe_overflow_chevrons,
          ashenzari_conservatory_becter, temple_green,
          dilly_guarded_unrand_throatcut

Skill      XL: |  1  2  3  4  5  6  7  8 |
---------------+-------------------------+-----
Spellcasting   | 1 2 3 4 5 6 7 |  7.1
Fighting       | |  3.0
Maces & Flails | |  1.5
Armour         | |  3.0
Shields        | |  3.0

Action                     |  1- 3 |  4- 6 |  7- 9 || total
---------------------------+-------+-------+-------++-------
  Melee: Flail             |    90 |   155 |   138 ||   383
         Morningstar       |       |       |    39 ||    39
   Cast: Static Discharge  |       |     2 |    34 ||    36
         Magic Dart        |       |       |     8 ||     8
         Vhi's Electric Ch |       |       |     4 ||     4
    Use: Potion            |       |     3 |     2 ||     5
 Armour: Scale mail        |    39 |   130 |    84 ||   253
         Leather armour    |       |       |    15 ||    15
  Dodge: Dodged            |    31 |    91 |    85 ||   207
  Block: Buckler           |    22 |    43 |    64 ||   129
